 Seeded DCSS version 0.29.1-15-g9cfb28693d (webtiles) character file.

Game seed: 18446744073709551615 (custom seed)

210 person50605 the Poker (level 5, 0/40 HPs)
             Began as a Demonspawn Gladiator on Mar 17, 2023.
             Killed by divine providence
             ... invoked by an orc priest
              (14 damage)
             ... on level 4 of the Dungeon on Mar 18, 2023.
             The game lasted 00:34:22 (4151 turns).

person50605 the Poker (Demonspawn Gladiator)        Turns: 4151, Time: 00:34:23

Health: 0/40       AC:  3    Str: 17    XL:     5   Next: 56%
Magic:  5/5        EV: 12    Int:  9    God:
Gold:   141        SH:  0    Dex: 14    Spells: 4/4 levels left

rFire   . . .      SeeInvis .   a - +0 trident
rCold   . . .      Faith    .   (no shield)
rNeg    . . .      Spirit   .   b - +0 leather armour
rPois   .          Reflect  .   (helmet restricted)
rElec   .          Harm     .   (no cloak)
rCorr   .          Rampage  .   (no gloves)
Will    .....                   (no boots)
Stlth   +.........              (no amulet)
HPRegen 0.13/turn               (no ring)
MPRegen 0.09/turn               (no ring)

@: no status effects
A: antennae 2, powered by pain 1
a: no special abilities


You were on level 4 of the Dungeon.
You visited 1 branch of the dungeon, and saw 4 of its levels.

You collected 141 gold pieces.

Inventory:

Hand Weapons
 a - a +0 trident (weapon)
 l - the +3 dagger "Wetunah" {vorpal, *Slow Int+3 SInv}
   (You found it on level 2 of the Dungeon)

   It inflicts extra damage upon your enemies.
   Int:       It affects your intelligence (+3).
   SInv:      It lets you see invisible.
   *Slow:     It may slow you when you take damage.
Missiles
 d - 3 throwing nets (quivered)
 e - a javelin
 g - 30 stones
 q - 4 poisoned darts
Armour
 b - a +0 leather armour (worn)
 c - a +0 helmet
Scrolls
 h - a scroll of torment
 j - 2 scrolls of noise
 n - a scroll of immolation {unknown}
 r - 3 scrolls of teleportation {unknown}
 s - a scroll of enchant armour {unknown}
 t - a scroll of vulnerability {unknown}
Potions
 f - a potion of haste {unknown}
 i - 3 potions of curing
 k - 3 potions of degeneration
 m - a potion of attraction {unknown}
 o - a potion of experience {unknown}
 p - a potion of cancellation {unknown}


   Skills:
 + Level 2.8 Fighting
 + Level 4.3 Polearms
 + Level 2.0 Throwing
 + Level 2.1 Armour
 + Level 3.1 Dodging
 + Level 0.7 Stealth


You had 4 spell levels left.
You didn't know any spells.
Your spell library contained the following spells:

 Spells                   Type           Power      Damage    Failure   Level
 Summon Guardian Golem    Hex/Summ       0%         N/A       82%         3
 Tukima's Dance           Hex            0%         N/A       82%         3
 Passage of Golubria      Tloc           0%         N/A       99%         4
 Yara's Violent Unravell  Hex/Tmut       0%         3d3       100%        5
 Orb of Destruction       Conj           0%         9d5       100%        7
 Spellforged Servitor     Conj/Summ      0%         N/A       100%        7


Dungeon Overview and Level Annotations

Branches:
Dungeon (4/15)
 Temple: D:4-7

Altars:
Nemelex Xobeh


Innate Abilities, Weirdness & Mutations

You have a pair of antennae on your head.
You sometimes gain a little power by taking damage.


Message History

The orc is almost dead.
You hit the orc.
You kill the orc!
You hear some strange, mumbled words.
You are confused.
The orc priest looks encouraged for a moment.
The orc priest hits you with a +0 dagger.
You're too confused to aim your attacks!
You bump into the rock wall.
The orc priest miscasts a cantrip.
Something hits you.
You completely miss something.
You feel less confused.
You hear some strange, mumbled words.
You are confused.
You're too confused to move!
Something hits you.
You bump into the rock wall.
Something hits you but does no damage.
You bump into the rock wall.
Something hits you but does no damage.
The orc priest mumbles some strange prayers to Beogh against you.
Something writhes in agony!
You puncture something!
Reactivating autopickup.
You feel a bit more experienced.
The orc priest looks satisfied for a moment.
You're too confused to aim your attacks!
Unknown command.
You bump into the rock wall.
You feel less confused.
You hit the orc priest.
The orc priest is lightly wounded.
The orc priest hits you with a +0 dagger.
You puncture the orc priest!
The orc priest is heavily wounded.
The orc priest mumbles some strange prayers to Beogh against you.
Beogh smites you!
You hit the orc priest.
The orc priest is severely wounded.
The orc priest invokes the aid of Beogh against you.
Beogh smites you!
You die...

#.....##....#
#...........###
#...#....#.....
#...)..†.....#.
#............# ###
#.....###......
..# #####)# ######
#.# #o# #.# #@#
##.## #.# #..<#
#.############....
#.................
##################


You could see an orc priest.

Vanquished Creatures
  A hound (D:3)
  An iguana (D:3)
  Natasha (D:2)
  An orc wizard (D:4)
  4 adders
  2 worms (D:2)
  7 orcs
  6 ball pythons
  6 bats
  4 endoplasms
  A giant cockroach (D:2)
  7 goblins
  6 hobgoblins
  5 jackals
  5 kobolds
  4 quokkas
  2 frilled lizards
  5 rats
68 creatures vanquished.

Notes
Turn   | Place    | Note
-------+----------+-------------------------------------------
     0 | D:1      | person50605 the Demonspawn Gladiator began the quest for
                  | the Orb.
     0 | D:1      | Reached XP level 1. HP: 16/16 MP: 1/1
   412 | D:1      | Reached skill level 3 in Polearms
   412 | D:1      | Gained mutation: You have a pair of small antennae on your
                  | head. [demonic ancestry]
   412 | D:1      | Reached XP level 2. HP: 17/22 MP: 2/2
  1202 | D:2      | Gained mutation: You have a pair of antennae on your head.
                  | [demonic ancestry]
  1202 | D:2      | Reached XP level 3. HP: 16/27 MP: 3/3
  1397 | D:2      | Identified the +3 dagger "Wetunah" {vorpal, *Slow Int+3
                  | SInv}
  1641 | D:2      | Found a faded altar of an unknown god.
  1977 | D:2      | Noticed Natasha
  1985 | D:2      | Killed Natasha
  1986 | D:2      | Reached skill level 1 in Armour
  1986 | D:2      | Gained mutation: You sometimes gain a little power by
                  | taking damage. [demonic ancestry]
  1986 | D:2      | Reached XP level 4. HP: 26/34 MP: 4/4
  3417 | D:3      | Reached skill level 4 in Polearms
  3478 | D:3      | Reached XP level 5. HP: 21/39 MP: 5/5
  3870 | D:3      | Found a sparkling altar of Nemelex Xobeh.
  4151 | D:4      | Killed from afar by an orc priest

Illustrated notes

Levels and vault maps discovered:
D:1:      dpeg_arrival_brainrot, layout_loops_ring
D:2:      layout_basic, hellmonk_ecumenical_altar_inner_sanctum,
          minmay_fountain_box, minmay_domino_2, uniq_natasha
D:3:      layout_loops_ring, nemelex_xobeh_ov_fountains_minmay,
          amcnicky_mini_pool_small
D:4:      layout_loops_ring, skrybe_limestone_x

Skill      XL: |  1  2  3  4  5 |
---------------+----------------+-----
Polearms       | 3 4 |  4.3
Throwing       | 2 |  2.0
Armour         | 1 2 |  2.1
Dodging        | 3 |  3.1
Fighting       | |  2.8
Stealth        | |  0.7

Action                   |  1- 3 |  4- 6 || total
-------------------------+-------+-------++-------
Melee: Trident           |   129 |    98 ||   227
       Punch             |     1 |     1 ||     2
  Use: Scroll            |     6 |       ||     6
Armor: Leather armour    |    32 |    14 ||    46
Dodge: Dodged            |    63 |    39 ||   102
